 Dungeon Crawl Stone Soup version 0.24-a0-525-g9231cdcba1 (webtiles) character file.

Game seed: 16319417616127090294

43 Gargoyl the Skirmisher (level 3, -1/31 HPs)
             Began as a Centaur Abyssal Knight on Aug 1, 2019.
             Was a Follower of Lugonu.
             Slain by a gnoll
             ... wielding a +0 spear
              (10 damage)
             ... on level 2 of the Dungeon.
             The game lasted 00:02:13 (1430 turns).

Gargoyl the Skirmisher (Centaur Abyssal Knight)     Turns: 1430, Time: 00:02:14

Health: -1/31      AC:  5    Str: 14    XL:     3   Next: 37%
Magic:  4/4        EV:  9    Int: 11    God:    Lugonu [*.....]
Gold:   84         SH:  0    Dex:  9    Spells: 2/2 levels left

rFire    . . .     SeeInvis .   a - +1 hand axe
rCold    . . .     Gourm    .   (no shield)
rNeg     . . .     Faith    .   b - +0 leather armour
rPois    .         Spirit   .   (no helmet)
rElec    .         Reflect  .   d - +0 cloak
rCorr    .         Harm     .   (no gloves)
MR       .....                  (no barding)
Stlth    ..........             i - amulet of regeneration
HPRegen  0.50/turn              (no ring)
MPRegen  0.09/turn              (no ring)

@: very quick
A: large, hooves 3, deformed body, speed 2, tough skin 3
a: Depart the Abyss, Renounce Religion


You were on level 2 of the Dungeon.
You worshipped Lugonu.
Lugonu was aware of your devotion.
You were hungry.

You visited 1 branch of the dungeon, and saw 2 of its levels.
You visited the Abyss 1 time.

You collected 84 gold pieces.

Inventory:

Hand Weapons
 a - a +1 hand axe (weapon)
Armour
 b - a +0 leather armour (worn)
 d - a +0 cloak (worn)
Jewellery
 i - an amulet of regeneration (around neck)
Scrolls
 j - a scroll of identify
Potions
 e - a potion of agility {unknown}
 f - a potion of curing {unknown}
 g - a potion of heal wounds {unknown}
 h - a potion of lignification {unknown}
Comestibles
 c - 3 rations


   Skills:
 + Level 3.5 Fighting
 + Level 2.1 Axes
 * Level 1.9 Armour
 * Level 1.0 Dodging
 * Level 2.3 Invocations


You had 2 spell levels left.
You didn't know any spells.
Your spell library was empty.

Dungeon Overview and Level Annotations

Branches:
Dungeon (2/15)

Altars:


Innate Abilities, Weirdness & Mutations

You have hooves in place of feet.
Armour fits poorly on your strangely shaped body.
You cover ground very quickly.
You have extremely tough skin. (AC +3)


Message History

The gnoll closely misses you. The gnoll hits you but does no damage.
Unknown command.
You barely miss the gnoll.
The gnoll is moderately wounded.
The gnoll hits you but does no damage.
You hit the gnoll. Your kick misses the gnoll.
The gnoll is heavily wounded.
The gnoll closely misses you.
You hit the gnoll but do no damage.
The gnoll is heavily wounded.
The gnoll hits you with a +0 spear.
You barely miss the gnoll. Your kick misses the gnoll.
The gnoll is heavily wounded.
The gnoll hits you with a +0 spear.
You hit the gnoll. Your kick misses the gnoll.
The gnoll is almost dead.
The gnoll hits you with a +0 spear.
* * * LOW HITPOINT WARNING * * *
The gnoll hits you with a +0 spear!
You die...

... #.#.# ....#.#.######
...#.#......#
...........##### #.
+###[........#...# #.#+#+##
..........g #...# #.......
#.....#####...#####.......
#....ggsg@'......##.......
.........#####...##.##.......
.........#...................
.........#.###..†##.###......
.^....#### #...##.###......
....>. #...##.##.......
...... #...##.##.......
###### ######.##.......
###.##....###


You could see 3 gnolls and a giant cockroach.

Vanquished Creatures
  An adder (D:2)
  2 leopard geckos
  3 giant cockroaches
  4 hobgoblins
  A jackal (D:1)
  A quokka (D:2)
  6 bats (D:1)
  A frilled lizard (D:2)
  2 goblins
  2 kobolds (D:1)
  8 rats
31 creatures vanquished.

Notes
Turn   | Place    | Note
-------+----------+-------------------------------------------
     0 | Abyss:1  | Gargoyl the Centaur Abyssal Knight began the quest for the
                  | Orb.
     0 | Abyss:1  | Reached XP level 1. HP: 19/19 MP: 2/2
    37 | Abyss:1  | Noticed a ynoxinul
    39 | D:1      | Escaped the Abyss
   160 | D:1      | Reached * piety under Lugonu
   362 | D:1      | Reached XP level 2. HP: 24/26 MP: 3/3
   885 | D:2      | Reached XP level 3. HP: 16/31 MP: 4/4
  1352 | D:2      | Reached skill level 1 in Dodging
  1430 | D:2      | Slain by a gnoll

Levels and vault maps discovered:
D:1:      minmay_arrival_arboretum_small, layout_basic, st_stairs_11
D:2:      layout_basic, ashenzari_conservatory_becter, uniq_natasha

Skill      XL: |  1  2  3 |
---------------+----------+-----
Axes           | 2 |  2.1
Dodging        | 1 |  1.0
Fighting       | |  3.5
Armour         | |  1.9
Invocations    | |  2.3

Action                   || total
-------------------------++-------
Melee: Hand axe          ||    91
       Kick              ||     9
Invok: Depart the Abyss  ||     1
  Use: Scroll            ||     5
Armor: Leather armour    ||    61
Dodge: Dodged            ||    59

Table legend:
 A = Non-vault XP
 B = Vault XP
 C = Vault XP percentage of total XP
 D = Non-vault monster count
 E = Vault monster count
 F = Vault count percentage of total count
                 A         B        C        D         E       F
            +---------+---------+-------+---------+---------+-------
      Total |      58 |       4 |   6.5 |      28 |       3 |   9.7
            +---------+---------+-------+---------+---------+-------
        D:1 |      26 |       4 |  13.3 |      16 |       3 |  15.8
        D:2 |      32 |       0 |   0.0 |      12 |       0 |   0.0
            +---------+---------+-------+---------+---------+-------
